Match 30276418
Unlisted

Match 30276418
End
Vickers Machine Gun Team
Selects Indian Artillery Battlegroup
Vickers Machine Gun Team
Vickers Machine Gun Team
Construct Section Command Post
Royal Engineer Section
Selects Towed ML 4.2-inch Heavy Mortar
Towed ML 4.2-inch Heavy Mortar
Construct Platoon Command Post
6-pounder Anti-tank Gun Team
6-pounder Anti-tank Gun Team
Construct Field Infirmary
Infantry Training
Selects War Cry
Selects Gurkha Rifles Section
6-pounder Anti-tank Gun Team
Gurkha Rifles Section
Construct Company Command Post
War Cry
Gurkha Rifles Section
Selects Volunteer Infantry
Matilda II Heavy Tank
War Cry
Armored Vehicle Training
Team Weapon Training
Light Vehicle Training
Selects Off-map Airburst Barrage
Off-map Airburst Barrage
Matilda II Heavy Tank
Matilda II Heavy Tank
Selects BL5.5 Artillery Emplacement
War Cry
Off-map Airburst Barrage
Matilda II Heavy Tank
Off-map Airburst Barrage
Matilda II Heavy Tank
Matilda II Heavy Tank
Royal Engineer Section
Off-map Airburst Barrage
Towed ML 4.2-inch Heavy Mortar
Matilda II Heavy Tank
Off-map Airburst Barrage
liuge101
エネス・ユセル
iAinEng
いきざま
304532544
931217897
仲夏夜之淫梦
LieLie
0
0

Comments sign in to comment!

No comments posted yet!